 Dungeon Crawl Stone Soup version 0.25.1-8-g42b30a86e7 (webtiles) character file.

Game seed: 11670059457049229235

21 Clowwww the Skirmisher (level 2, 23/24 HPs)
             Began as a Demonspawn Abyssal Knight on Dec 19, 2020.
             Was a Follower of Lugonu.
             Quit the game on level 1 of the Dungeon.
             The game lasted 00:02:08 (967 turns).

Clowwww the Skirmisher (Demonspawn Abyssal Knight)   Turns: 967, Time: 00:02:08

Health: 23/24      AC:  3    Str: 12    XL:     2   Next: 62%
Magic:  3/3        EV: 11    Int: 13    God:    Lugonu [*.....]
Gold:   24         SH:  0    Dex: 12    Spells: 1/1 levels left

rFire    . . .     SeeInvis .   a - +1 hand axe
rCold    . . .     Gourm    .   (no shield)
rNeg     . . .     Faith    .   b - +0 leather armour
rPois    .         Spirit   .   (helmet restricted)
rElec    .         Reflect  .   (no cloak)
rCorr    .         Harm     .   (no gloves)
MR       .....                  (no boots)
Stlth    +.........             (no amulet)
HPRegen  0.08/turn              (no ring)
MPRegen  0.08/turn              (no ring)

@: no status effects
A: antennae 1
a: Depart the Abyss, Renounce Religion


You were on level 1 of the Dungeon.
You worshipped Lugonu.
Lugonu was aware of your devotion.
You were not hungry.

You visited 1 branch of the dungeon, and saw 1 of its levels.
You visited the Abyss 1 time.

You collected 24 gold pieces.

Inventory:

Hand Weapons
 a - a +1 hand axe (weapon)
Missiles
 j - a throwing net (quivered)
Armour
 b - a +0 leather armour (worn)
Jewellery
 h - an uncursed amulet of the acrobat {unknown}
Scrolls
 d - 5 scrolls of identify {unknown}
 g - a scroll of blinking {unknown}
 i - a scroll of amnesia {unknown}
 l - 2 scrolls of teleportation {unknown}
 m - 2 scrolls of remove curse {unknown}
Potions
 e - a potion of magic {unknown}
 k - 2 potions of heal wounds {unknown}
Comestibles
 c - 3 rations
 f - a chunk of flesh


   Skills:
 + Level 3.6 Fighting
 + Level 2.0 Axes
 + Level 2.0 Armour
 + Level 0.8 Dodging
 + Level 2.5 Invocations


You had one spell level left.
You didn't know any spells.
Your spell library was empty.

Dungeon Overview and Level Annotations

Branches:
Dungeon (1/15)

Altars:


Innate Abilities, Weirdness & Mutations

You have a pair of small antennae on your head.


Message History

f - 5 chunks of flesh (gained 1)
Found 23 stones.
d - 2 scrolls labeled ONGYNUFELY (gained 1)
You open the door.
There is an open door here.
Some of the chunks of flesh in your inventory have rotted away.
l - 2 scrolls labeled TASHRE SELOHAOR (gained 1)
A hobgoblin comes into view. It is wielding a +0 club.
The hobgoblin shouts!
Found 3 scrolls labeled ONGYNUFELY.
The hobgoblin hits you with a +0 club.
You hit the hobgoblin.
You kill the hobgoblin!
Lugonu accepts your kill.
Your Axes skill increases to level 2!
Things that are here:
a +0 club; a hobgoblin corpse
Found a stone staircase leading down.
d - 5 scrolls labeled ONGYNUFELY (gained 3) Are you sure you want to abandon this character and quit the game? (Confirm with "yes".)

### #.# #######.#######
##.............#
######...#..#..####.####
........................
............)....##'####
.......@.......#.#...###
##.>.............+......
##.###........#.#....##
# #.....#..#.(....##
#..................
........#...........
###..###.#..#........
#..# .#.......#... ...
.....#...#..


There were no monsters in sight!

Vanquished Creatures
  3 dart slugs (D:1)
  A leopard gecko (D:1)
  A giant cockroach (D:1)
  2 hobgoblins (D:1)
  3 bats (D:1)
  2 frilled lizards (D:1)
  3 rats (D:1)
15 creatures vanquished.

Notes
Turn   | Place    | Note
-------+----------+-------------------------------------------
     0 | Abyss:1  | Clowwww the Demonspawn Abyssal Knight began the quest for
                  | the Orb.
     0 | Abyss:1  | Reached XP level 1. HP: 18/18 MP: 2/2
    59 | Abyss:1  | Noticed a Hell Sentinel
    78 | Abyss:1  | Noticed a large abomination
    83 | Abyss:1  | Noticed a large abomination
    86 | D:1      | Escaped the Abyss
   185 | D:1      | Gained mutation: You have a pair of small antennae on your
                  | head. [demonic ancestry]
   185 | D:1      | Reached XP level 2. HP: 12/24 MP: 3/3
   359 | D:1      | Reached * piety under Lugonu
   967 | D:1      | Quit the game

Illustrated notes

Levels and vault maps discovered:
D:1:      minmay_arrival_radiant_lines, layout_basic,
          kennysheep_decorative_pillar, minmay_pentomino_r4

Skill      XL: |  1  2 |
---------------+-------+-----
Armour         | 2 |  2.0
Axes           | 2 |  2.0
Fighting       | |  3.6
Dodging        | |  0.8
Invocations    | |  2.5

Action                   || total
-------------------------++-------
Melee: Hand axe          ||    45
Invok: Depart the Abyss  ||     1
Armor: Leather armour    ||     9
Dodge: Dodged            ||    32
